AoeStats
← Drumstein

Black Forest

507784878Analyzed
4v4 RM · 12d ago on Sep 19, 2026· 49m 52s· 8 players
Game mode
Random Map
Map size
Large (8 player)
Population
200
Speed
Normal
Resources
Standard
Victory
Conquest
Starting age
Dark Age
Ending age
Imperial Age
RankedLock teamsTeams togetherTeam positionsShared explorationLock speedFull tech treeHidden civsTurbo modeCheats
Victory
Defeat
🇦🇺 Hindustanis · Australia
1043
+15
🇮🇳 Mongols · India
1037
+15
🇹🇼 Celts · Taiwan
1030
+15
🇮🇳 Sicilians · India
1021
+16
🇨🇿 Italians · Czechia
1108
-20
🇩🇪 Mongols · Germany
995
-14
🇨🇭 Franks · Switzerland
987
-14
🇮🇪 Bohemians · Ireland
962
-13
Maverick
1:00 Loom
11:55 Feudal Age
17:19 Castle Age
15:07 Horse Collar
15:20 Double-Bit Axe
16:09 Gold Mining
16:10 Stone Mining
17:36 Wheelbarrow
17:41 Town Watch
19:13 Bow Saw
23:14 Heavy Plow
26:28 Hand Cart
30:11 Imperial Age
28:32 Forging
28:22 Scale Mail Armor
29:37 Masonry
29:48 Ballistics
30:32 Iron Casting
30:12 Chain Mail Armor
30:02 Scale Barding Armor
30:38 Gold Shaft Mining
31:19 Bloodlines
31:11 Husbandry
31:22 Hauberk
31:48 Cavalier
33:07 Hoardings
33:40 Stone Shaft Mining
33:28 Conscription
33:43 Town Patrol
35:43 Blast Furnace
34:22 Light Cavalry
35:46 Crop Rotation
35:47 Siege Engineers
35:40 Murder Holes
36:46 Chemistry
35:54 Siege Engineers
36:00 Fletching
36:35 Chain Barding Armor
37:04 Caravan
37:57 Elite Serjeant
39:17 Plate Barding Armor
38:33 Fletching
39:35 Plate Mail Armor
40:40 Arrowslits
41:07 Bodkin Arrow
42:46 Bracer
Avalon
2:24 Loom
2:26 Loom
12:40 Feudal Age
13:25 Horse Collar
13:36 Double-Bit Axe
15:53 Wheelbarrow
18:46 Castle Age
17:47 Stone Mining
18:55 Gold Mining
18:56 Town Watch
21:41 Heavy Plow
30:42 Bow Saw
33:09 Imperial Age
31:11 Fletching
31:21 Padded Archer Armor
32:26 Ballistics
33:09 Bodkin Arrow
33:30 Leather Archer Armor
33:12 Elite Mangudai
34:58 Chemistry
34:31 Conscription
34:10 Gold Mining
35:00 Hand Cart
35:51 Gold Shaft Mining
35:41 Drill
36:13 Bracer
36:23 Thumb Ring
36:44 Parthian Tactics
36:59 Bloodlines
36:50 Husbandry
38:20 Onager
39:20 Town Patrol
39:34 Siege Onager
43:00 Siege Engineers
hsuan1202
0:57 Loom
12:07 Feudal Age
18:50 Castle Age
18:12 Wheelbarrow
17:22 Town Watch
18:31 Double-Bit Axe
18:28 Horse Collar
28:46 Bow Saw
33:39 Imperial Age
31:30 Treadmill Crane
32:01 Masonry
33:14 Ballistics
34:23 Heavy Plow
34:17 Gold Mining
34:17 Stone Mining
34:07 Onager
36:08 Conscription
36:27 Hoardings
36:12 Town Patrol
36:07 Fletching
37:06 Hand Cart
38:33 Chemistry
38:22 Furor Celtica
40:26 Gold Shaft Mining
39:41 Stone Mining
39:24 Siege Onager
40:56 Bodkin Arrow
41:18 Elite Woad Raider
42:32 Forging
42:22 Scale Mail Armor
44:25 Iron Casting
46:58 Blast Furnace
46:13 Chain Mail Armor
45:44 Heavy Scorpion
PrincessKaguya
0:36 Loom
14:38 Feudal Age
15:37 Double-Bit Axe
20:38 Castle Age
18:55 Horse Collar
19:08 Stone Mining
20:08 Gold Mining
20:55 Forging
20:37 Fletching
21:42 Bow Saw
22:40 Wheelbarrow
28:00 Bodkin Arrow
34:09 Imperial Age
32:34 Hand Cart
33:00 Gold Shaft Mining
33:39 Scale Barding Armor
34:40 Iron Casting
34:13 Heavy Plow
34:57 Caravan
35:01 Scale Mail Armor
35:36 Conscription
35:46 Pikeman
38:11 Blast Furnace
37:12 Bracer
37:44 Husbandry
39:48 Chain Barding Armor
38:53 Heavy Camel Rider
40:51 Chain Mail Armor
41:42 Chemistry
40:38 Murder Holes
40:49 Siege Engineers
40:54 Masonry
41:51 Bloodlines
43:36 Two-Man Saw
46:43 Plate Barding Armor
46:50 Light Cavalry
48:01 Squires
48:11 Town Watch
48:49 Shatagni
48:51 Grand Trunk Road
49:26 Padded Archer Armor
49:21 Elite Skirmisher
50:51 Ballistics
LJRG10
0:27 Loom
12:47 Feudal Age
17:39 Castle Age
15:58 Horse Collar
16:38 Double-Bit Axe
18:33 Heavy Plow
19:08 Fletching
32:40 Imperial Age
30:42 Town Watch
31:26 Town Patrol
32:27 Wheelbarrow
33:02 Chemistry
33:19 Forging
32:34 Pikeman
33:14 Squires
34:34 Wheelbarrow
35:28 Iron Casting
35:23 Bow Saw
35:56 Hand Cart
38:33 Blast Furnace
37:40 Siege Engineers
39:30 Fortified Wall
39:16 Murder Holes
40:32 Two-Man Saw
38:59 Halberdier
40:07 Conscription
41:00 Scale Mail Armor
42:02 Caravan
43:13 Chain Mail Armor
42:54 Bodkin Arrow
47:56 Elite Hussite Wagon
Internet User
3:53 Loom
12:34 Feudal Age
14:51 Gold Mining
14:51 Double-Bit Axe
18:33 Castle Age
22:03 Bow Saw
24:51 Gold Mining
24:54 Stone Mining
27:54 Imperial Age
26:30 Wheelbarrow
25:41 Town Watch
28:05 Gold Shaft Mining
28:44 Ballistics
29:44 Chemistry
29:05 Ballistics
29:09 Murder Holes
29:54 Hand Cart
29:40 Town Patrol
30:20 Fortified Wall
31:12 Caravan
32:18 Siege Engineers
34:27 Fortified Wall
35:42 Cavalier
36:25 Husbandry
35:47 Light Cavalry
40:17 Paladin
44:13 Chivalry
Drumstein
3:03 Loom
11:55 Feudal Age
19:33 Castle Age
17:57 Horse Collar
19:11 Double-Bit Axe
20:25 Bow Saw
28:10 Nomads
30:51 Imperial Age
28:15 Town Watch
29:38 Thumb Ring
31:25 Wheelbarrow
31:04 Gold Mining
32:36 Conscription
32:33 Husbandry
33:13 Bloodlines
33:09 Light Cavalry
34:55 Ballistics
35:14 Parthian Tactics
36:58 Elite Skirmisher
38:34 Fletching
38:57 Forging
40:02 Chemistry
39:00 Murder Holes
39:20 Bodkin Arrow
39:26 Padded Archer Armor
41:57 Iron Casting
41:50 Heavy Plow
44:56 Bracer
46:01 Blast Furnace
ldanihel
11:15 Feudal Age
15:52 Castle Age
14:13 Double-Bit Axe
14:27 Horse Collar
22:29 Bow Saw
23:58 Heavy Plow
24:56 Gold Mining
24:57 Stone Mining
26:02 Wheelbarrow
27:42 Hand Cart
27:13 Loom
27:28 Town Watch
28:11 Padded Archer Armor
28:02 Fletching
28:47 Coinage
28:18 Caravan
29:56 Stone Shaft Mining
33:20 Imperial Age
32:45 Bodkin Arrow
33:06 Leather Archer Armor
33:45 Elite Genoese Crossbowman
35:40 Chemistry
35:12 Silk Road
35:52 Ballistics
36:23 Banking
36:04 Guilds
37:01 Pikeman
37:42 Squires
37:28 Arson
37:53 Bracer
38:24 Ring Archer Armor
45:19 Man-at-Arms
Connection lost

Rejoining the realm…

Still unreachable

The connection could not be restored.

Session expired

The server has moved on; the page needs a fresh start.